 Seeded DCSS version 0.29.1-2-gbd0b4ee654 (webtiles) character file.

Game seed: 15296010637171918060 (custom seed)

230 retardedninja the Chopper (level 6, -7/53 HPs)
             Began as a Hill Orc Fighter on Oct 31, 2022.
             Mangled by a wight
             ... wielding a +4 great sword
              (11 damage)
             ... on level 4 of the Dungeon.
             The game lasted 00:03:36 (2831 turns).

retardedninja the Chopper (Hill Orc Fighter)        Turns: 2831, Time: 00:03:36

Health: -7/53      AC:  8    Str: 21    XL:     6   Next: 3%
Magic:  6/6        EV:  9    Int:  8    God:
Gold:   217        SH:  4    Dex: 10    Spells: 5/5 levels left

rFire   . . .      SeeInvis .   a - +0 war axe
rCold   . . .      Faith    .   c - +0 buckler
rNeg    . . .      Spirit   .   b - +0 scale mail
rPois   .          Reflect  .   (no helmet)
rElec   .          Harm     .   (no cloak)
rCorr   .          Rampage  .   (no gloves)
Will    .....                   q - +0 pair of boots
Stlth   ..........              n - amulet of regeneration
HPRegen 0.97/turn               (no ring)
MPRegen 0.10/turn               (no ring)

@: mighty, attractive
A: no striking features
a: no special abilities


You were on level 4 of the Dungeon.
You visited 1 branch of the dungeon, and saw 4 of its levels.

You collected 217 gold pieces.

Inventory:

Hand Weapons
 a - a +0 war axe (weapon)
Armour
 b - a +0 scale mail (worn)
 c - a +0 buckler (worn)
 q - a +0 pair of boots (worn)
Jewellery
 n - an amulet of regeneration (around neck)
Scrolls
 g - 2 scrolls of brand weapon {unknown}
 i - 3 scrolls of identify {unknown}
 j - 3 scrolls of fog {unknown}
 l - a scroll of acquirement {unknown}
 m - 3 scrolls of enchant weapon {unknown}
 r - a scroll of fear {unknown}
Potions
 e - a potion of flight {unknown}
 f - a potion of attraction
 k - a potion of cancellation {unknown}
 o - a potion of degeneration {unknown}
 p - a potion of ambrosia {unknown}


   Skills:
 + Level 4.6 Fighting
 + Level 5.4 Axes
 + Level 4.2 Armour
 + Level 1.1 Dodging
 + Level 0.2 Stealth
 + Level 4.0 Shields


You had 5 spell levels left.
You didn't know any spells.
Your spell library contained the following spells:

 Spells                   Type           Power      Damage    Failure   Level
 Apportation              Tloc           0%         N/A       83%         1
 Alistair's Intoxication  Tmut/Pois      0%         N/A       100%        5


Dungeon Overview and Level Annotations

Branches:
Dungeon (4/15)
 Temple: D:4-7

Altars:


Message History

You hit the wight.
The wight is moderately damaged.
You barely miss the wight. You block the wight's attack.
The wight hits you with a +3 long sword.
You closely miss the wight.
The wight is moderately damaged.
You hit the wight but do no damage. The wight hits you with a +2 scimitar!
You feel drained. The wight hits you but does no damage.
You feel better. The wight completely misses you. The wight barely misses you.
You slice the wight!!
You destroy the wight!
You slash the wight!
You destroy the wight!
The wight hits you but does no damage. The wight barely misses you.
Your life force feels restored.
Your Axes skill increases to level 5!
Your Shields skill increases to level 4!
You have reached level 6!
Unknown command.
You barely miss the wight. x2; You block the wight's attack.
The wight closely misses you.
Unknown command.
You slash the wight!
The wight is moderately damaged.
You slash the wight!
The wight hits you with a +4 great sword!
The wight hits you with a +0 scimitar!
Unknown command.
You barely miss the wight.
The wight is moderately damaged.
You hit the wight but do no damage. The wight misses you.
The wight hits you with a +0 scimitar! The wight closely misses you.
The wight hits you with a +4 great sword!
* * * LOW HITPOINT WARNING * * *
Unknown command.
It was a potion of attraction.
You feel attractive to monsters. The wight closely misses you.
The wight hits you with a +4 great sword!
You die...

#.#####
#...z@#
#.....#z#
#.###.....
#..##.?#
#.. ..#
#.. .# ###
##


You could see 2 wights.

Vanquished Creatures
  2 wights (D:4)
  An orc priest (D:2)
  3 adders
  A worm (D:2)
  5 dart slugs
  2 orcs (D:2)
  2 bats
  3 endoplasms
  A giant cockroach (D:1)
  9 goblins
  7 hobgoblins
  2 jackals (D:1)
  3 kobolds
  4 quokkas
  7 ball pythons
  4 frilled lizards
  A rat (D:2)
57 creatures vanquished.

Notes
Turn   | Place    | Note
-------+----------+-------------------------------------------
     0 | D:1      | retardedninja the Hill Orc Fighter began the quest for the
                  | Orb.
     0 | D:1      | Reached XP level 1. HP: 19/19 MP: 1/1
    55 | D:1      | Reached XP level 2. HP: 25/26 MP: 2/2
   659 | D:1      | Reached skill level 3 in Axes
   716 | D:1      | Reached XP level 3. HP: 30/33 MP: 3/3
  1638 | D:2      | Reached XP level 4. HP: 40/40 MP: 4/4
  1680 | D:2      | Found a faded altar of an unknown god.
  1893 | D:2      | Reached skill level 1 in Dodging
  2337 | D:3      | Reached skill level 4 in Axes
  2401 | D:3      | Reached XP level 5. HP: 46/47 MP: 5/5
  2828 | D:4      | Reached skill level 5 in Axes
  2828 | D:4      | Reached XP level 6. HP: 45/53 MP: 6/6
  2831 | D:4      | Mangled by a wight

Illustrated notes

Levels and vault maps discovered:
D:1:      minmay_arrival_pointy, layout_basic
D:2:      layout_rooms, basic_ecumenical_altar, roderic_roman_lattice
D:3:      layout_rooms
D:4:      minmay_octagon_keep, layout_basic, gammafunk_ghost_split

Skill      XL: |  1  2  3  4  5 |
---------------+----------------+-----
Axes           | 3 4 5 |  5.4
Fighting       | 4 |  4.6
Armour         | 4 |  4.2
Dodging        | 1 |  1.1
Shields        | 4 |  4.0
Stealth        | |  0.2

Action                   |  1- 3 |  4- 6 || total
-------------------------+-------+-------++-------
Melee: War axe           |    87 |    67 ||   154
  Use: Potion            |       |     4 ||     4
Armor: Scale mail        |    54 |    29 ||    83
Dodge: Dodged            |    43 |    36 ||    79
Block: Buckler           |    28 |    13 ||    41
